AoeStats
← TPE-床上小旋風

Black Forest

508558016Analyzed
3v3 RM · 9d ago on Sep 23, 2026· 57m 38s· 6 players
Game mode
Random Map
Map size
Normal (6 player)
Population
200
Speed
Normal
Resources
Standard
Victory
Conquest
Starting age
Dark Age
Ending age
Imperial Age
RankedLock teamsTeams togetherTeam positionsShared explorationLock speedFull tech treeHidden civsTurbo modeCheats
Victory
Defeat
🇷🇺 Persians · Russia
1314
+15
🇲🇽 Varangians · Mexico
1294
+16
🇲🇽 Bulgarians · Mexico
1271
+17
🇬🇧 Berbers · United Kingdom
1382
-19
🇺🇸 Romans · United States
1307
-17
🇺🇸 Italians · United States
1199
-12
Alejandro
7:01 Loom
12:37 Feudal Age
14:18 Horse Collar
14:52 Double-Bit Axe
17:10 Castle Age
16:30 Fishing Lines
18:07 Wheelbarrow
18:00 Heavy Plow
18:08 Gillnets
23:32 Town Watch
24:06 Hand Cart
24:28 Stone Mining
24:29 Gold Mining
25:27 Bow Saw
26:47 Stone Shaft Mining
27:04 Caravan
28:11 Forging
35:05 Imperial Age
34:59 Iron Casting
35:21 Onager
36:28 Conscription
36:41 Elite Jarl
38:50 Chemistry
37:56 Siege Engineers
38:13 Ballistics
38:04 Masonry
49:23 Scale Barding Armor
50:19 Blast Furnace
48:52 Gothikon
49:55 Elite Varangian Guard
50:36 Squires
50:22 Arson
50:33 Pikeman
51:00 Gambesons
52:24 Scale Mail Armor
52:04 Halberdier
55:00 Chain Mail Armor
aaaaaaa
1:48 Loom
14:04 Feudal Age
15:03 Double-Bit Axe
17:39 Castle Age
15:33 Horse Collar
20:26 Wheelbarrow
23:07 Hand Cart
25:00 Heavy Plow
25:32 Bow Saw
29:23 Gold Mining
29:26 Stone Mining
31:15 Town Watch
34:39 Imperial Age
33:05 Stone Shaft Mining
33:07 Gold Shaft Mining
32:37 Caravan
32:40 Town Patrol
34:00 Fletching
34:10 Padded Archer Armor
34:33 Ballistics
37:04 Chemistry
36:12 Siege Engineers
36:05 Bodkin Arrow
36:26 Leather Archer Armor
36:11 Scale Mail Armor
36:23 Forging
37:04 Thumb Ring
36:21 Elite Skirmisher
37:03 Bracer
36:41 Capped Ram
37:42 Chain Mail Armor
37:51 Siege Ram
39:18 Plate Mail Armor
39:24 Iron Casting
38:27 Pikeman
38:53 Gambesons
39:08 Squires
38:53 Arson
41:23 Murder Holes
41:41 Scale Barding Armor
42:37 Blast Furnace
40:59 Elite Konnik
43:56 Chain Barding Armor
44:29 Onager
45:56 Conscription
47:17 Siege Onager
49:23 Bloodlines
53:57 Halberdier
TPE-床上小旋風
13:29 Feudal Age
14:13 Horse Collar
14:21 Double-Bit Axe
17:05 Castle Age
19:13 Bow Saw
20:29 Loom
20:55 Fishing Lines
22:25 Wheelbarrow
23:31 Gold Mining
26:47 Hand Cart
27:54 Gold Shaft Mining
27:12 Stone Mining
27:41 Gillnets
28:20 Scale Barding Armor
28:26 Forging
28:47 Bloodlines
28:37 Husbandry
29:43 Chain Barding Armor
29:58 Iron Casting
32:18 Imperial Age
30:15 Heavy Plow
31:16 Light Cavalry
32:15 Cavalier
34:10 Plate Barding Armor
34:35 Blast Furnace
33:27 Fletching
33:42 Kamandaran
33:54 Citadels
34:06 Conscription
33:37 Savar
34:08 Town Watch
35:46 Two-Man Saw
34:29 Hussar
36:33 Chemistry
35:55 Ballistics
43:23 Town Patrol
43:30 Caravan
44:00 Coinage
43:41 Guilds
48:02 Banking
48:41 Hoardings
49:07 Elite War Elephant
50:13 Pikeman
50:50 Bodkin Arrow
50:55 Padded Archer Armor
50:56 Scale Mail Armor
50:41 Halberdier
SAMOAN SHOTGUN
2:10 Loom
13:32 Feudal Age
14:46 Double-Bit Axe
17:19 Castle Age
19:31 Bow Saw
37:57 Ballistics
37:50 Fortified Wall
38:01 Ballistics
40:58 Imperial Age
42:58 Squires
43:46 Forging
43:38 Scale Mail Armor
43:32 Pikeman
58:16 Chemistry
CentreColonel41
1:36 Loom
13:09 Feudal Age
15:47 Fishing Lines
18:15 Castle Age
16:58 Double-Bit Axe
17:06 Horse Collar
19:14 Bow Saw
23:29 Heavy Plow
23:40 Gold Mining
25:57 Wheelbarrow
25:54 Stone Mining
27:28 Gillnets
29:11 Hand Cart
30:01 Stone Shaft Mining
32:47 Imperial Age
30:35 Hand Cart
32:51 Imperial Age
31:22 Thumb Ring
31:20 Husbandry
33:01 Ballistics
32:54 Fortified Wall
33:13 Fletching
33:24 Padded Archer Armor
33:13 Town Watch
34:33 Two-Man Saw
34:01 Conscription
34:30 Crop Rotation
35:31 Chemistry
34:31 Elite Genoese Crossbowman
35:24 Squires
35:11 Arson
34:47 Pikeman
35:56 Bodkin Arrow
36:17 Leather Archer Armor
37:56 Masonry
37:27 Treadmill Crane
38:08 Bombard Tower
37:52 Bracer
39:17 Hoardings
38:59 Bloodlines
38:11 Light Cavalry
39:28 Ring Archer Armor
39:09 Forging
39:00 Scale Mail Armor
39:06 Scale Barding Armor
40:27 Silk Road
40:45 Guilds
41:06 Coinage
41:54 Architecture
42:02 Iron Casting
47:16 Blast Furnace
46:32 Chain Mail Armor
47:58 Caravan
57:06 Hussar
ALPO4769
5:41 Loom
11:23 Feudal Age
15:50 Castle Age
13:38 Double-Bit Axe
14:05 Horse Collar
16:47 Fishing Lines
20:16 Bow Saw
22:54 Wheelbarrow
22:40 Gold Mining
23:02 Heavy Plow
24:59 Gold Shaft Mining
24:14 Stone Mining
24:58 Hand Cart
24:30 Town Watch
29:35 Imperial Age
28:26 Husbandry
28:37 Bloodlines
28:35 Thumb Ring
28:23 Fletching
28:34 Padded Archer Armor
29:36 Stone Shaft Mining
29:34 Ballistics
29:26 Scale Barding Armor
29:17 Bodkin Arrow
29:55 Light Cavalry
32:09 Chemistry
31:15 Bracer
32:05 Conscription
31:15 Heavy Camel Rider
32:31 Leather Archer Armor
33:55 Chain Barding Armor
33:45 Forging
34:06 Ring Archer Armor
33:53 Elite Camel Archer
35:39 Plate Barding Armor
42:58 Iron Casting
42:54 Maghrebi Camels
47:37 Blast Furnace
48:18 Hussar
Connection lost

Rejoining the realm…

Still unreachable

The connection could not be restored.

Session expired

The server has moved on; the page needs a fresh start.